 Dungeon Crawl Stone Soup version 0.23.2-1-ga50397a (webtiles) character file.

Game seed: 7756993747879251566

1948 XPEneeg3 the Cleaver (level 9, -7/79 HPs)
             Began as a Hill Orc Fighter on May 6, 2019.
             Mangled by a wight
             ... wielding a +5 battleaxe of freezing
              (13 damage)
             ... on level 6 of the Dungeon.
             The game lasted 00:33:47 (9804 turns).

XPEneeg3 the Cleaver (Hill Orc Fighter)             Turns: 9804, Time: 00:33:48

Health: -7/79      AC:  9    Str: 22    XL:     9   Next: 18%
Magic:  9/9        EV: 13    Int:  8    God:
Gold:   420        SH: 10    Dex: 15    Spells: 8/8 levels left

rFire    . . .     SeeInvis .   a - +1 war axe
rCold    . . .     Gourm    +   o - +0 shield
rNeg     . . .     Faith    .   b - +0 scale mail
rPois    .         Spirit   .   (no helmet)
rElec    .         Reflect  .   (no cloak)
rCorr    .         Harm     .   k - +1 pair of gloves
MR       .....                  (no boots)
Stlth    +.........             m - amulet of the gourmand
HPRegen  0.23/turn              (no ring)
MPRegen  0.11/turn              (no ring)

@: agile, drained
A: no striking features
a: no special abilities


You were on level 6 of the Dungeon.
You were not hungry.

You visited 2 branches of the dungeon, and saw 7 of its levels.
You also visited: Ossuary.

You collected 420 gold pieces.

Inventory:

Hand Weapons
 a - a +1 war axe (weapon)
 q - a +0 great sword
Missiles
 l - 44 poisoned needles (quivered)
Armour
 b - a +0 scale mail (worn)
 e - a +0 ring mail
 k - a +1 pair of gloves (worn)
 o - a +0 shield (worn)
Jewellery
 j - an uncursed amulet of guardian spirit
 m - an amulet of the gourmand (around neck)
Wands
 d - a wand of flame (15)
 p - a wand of random effects (22)
Scrolls
 c - 2 scrolls of remove curse
 g - 9 scrolls of identify
 r - 4 scrolls of enchant weapon
 s - 3 scrolls of teleportation
 t - 2 scrolls of random uselessness
 u - a scroll of fear {unknown}
 v - a scroll of magic mapping
Potions
 h - a potion of mutation {unknown}
 i - 2 potions of curing
 n - a potion of flight
 w - a potion of resistance {unknown}
 x - a potion of berserk rage {unknown}
 z - a potion of agility
 A - a potion of lignification {unknown}
 B - a potion of magic {unknown}
 C - a potion of brilliance {unknown}
Comestibles
 f - 11 rations


   Skills:
 + Level 7.4(6.4) Fighting
 * Level 9.9(8.8) Axes
 + Level 6.5(5.6) Armour
 + Level 6.5(5.5) Shields


You had 8 spell levels left.
You didn't know any spells.
Your spell library contained the following spells:

 Spells                   Type           Power        Failure   Level  Hunger
 Magic Dart               Conj           #...         98%         1    ##.....
 Searing Ray              Conj           #.....       99%         2    ###....
 Dazzling Spray           Conj/Hex       #.....       100%        3    ####...
 Force Lance              Conj/Tloc      #.......     100%        4    #####..
 Fulminant Prism          Conj/Hex       #.........   100%        4    #####..
 Iskenderun's Mystic Bla  Conj           #.......     100%        4    #####..


Dungeon Overview and Level Annotations

Branches:
Dungeon (6/15)             Temple (1/1) D:6

Altars:
Ashenzari
Cheibriados
Dithmenos
Elyvilon
Fedhas
Gozag
Hepliaklqana
Kikubaaqudgha
Makhleb
Nemelex Xobeh
Okawaru
Qazlal
Ru
Sif Muna
Trog
Uskayaw
Vehumet
Wu Jian
Xom
Yredelemnul
Zin
The Shining One

Shops:
D:5 *   D:6 *

Annotations:
D:2 exclusion: oklob plant


Message History

The wight is moderately damaged.
The wight hits you with a +5 battleaxe of freezing.
You feel drained.
* * * LOW HITPOINT WARNING * * *
The wight freezes you.
* * * LOW HITPOINT WARNING * * *
You feel better. The wight hits you but does no damage.
You hit the wight.
The wight is heavily damaged.
The wight hits you with a +5 battleaxe of freezing!
* * * LOW HITPOINT WARNING * * *
The wight freezes you!
* * * LOW HITPOINT WARNING * * *
Press: ? - help, v - describe, . - travel
Here: a wight, wielding a +5 battleaxe of freezing and wearing a +0 robe (heavily damaged)
The floor.
You feel agile all of a sudden.
There is a stone staircase leading up here.
The wight hits you with a +5 battleaxe of freezing!
You die...

≈≈≈≈...####..#.#
#.#.# ≈≈≈≈≈...#
#..#.# ## #.#
≈≈≈≈≈≈..###..#.. .#
#.# ≈≈≈≈≈≈...##..###
.# #.#
≈≈≈≈≈≈.#.#...### .#
#.#
≈≈≈≈≈..#.....#.###.#
###.#
≈≈≈..####....#...))#
#...# ≈...##
#....#.##### #.####
...## #....#.#@..#
#.#..# ####
##.....z..## #.#..#
# #...#.#### #.#..#
#...#.# #.#..#
#...#.#.. #.#..#
#...#.#.# #.#..#
#.....#.# #.#..#
#.#...#.# #.#[.#
#.#...#.# #.#..#


You could see a wight.

Vanquished Creatures
  Prince Ribbit (D:5)
  Grinder (D:5)
  Sigmund (D:4)
  A phantom (D:6)
  A sky beast (D:6)
  2 ogres
  A centaur (D:5)
  Blork the orc (D:5)
  An elf zombie (Ossuary)
  2 scorpions
  2 wights (D:6)
  A crimson imp (D:4)
  2 centaur zombies (D:6)
  2 human zombies (Ossuary)
  A hound (D:4)
  A bullfrog skeleton (D:5)
  A centaur skeleton (D:4)
  Terence (D:2)
  An orc wizard (D:5)
  4 worker ants
  2 big kobold zombies (Ossuary)
  4 mummies (Ossuary)
  7 adders
  6 gnolls
  An ooze (D:4)
  An adder skeleton (D:4)
  A dart slug (D:5)
  3 leopard geckos
  7 orcs
  4 giant cockroaches
  4 goblins
  4 hobgoblins
  5 jackals
  4 kobolds
  A quokka (D:4)
  2 ball pythons
  9 bats
  4 frilled lizards
  3 goblin zombies
  A jackal zombie (Ossuary)
  3 kobold zombies (Ossuary)
  2 leopard gecko skeletons
  2 orc zombies (Ossuary)
  7 rats
  2 plants
117 creatures vanquished.

Vanquished Creatures (others)
  5 toadstools (D:1)
5 creatures vanquished.

Grand Total: 122 creatures vanquished

Notes
Turn   | Place    | Note
-------+----------+-------------------------------------------
     0 | D:1      | XPEneeg3 the Hill Orc Fighter began the quest for the Orb.
     0 | D:1      | Reached XP level 1. HP: 19/19 MP: 1/1
    53 | D:1      | Reached XP level 2. HP: 22/27 MP: 2/2
   154 | D:1      | Reached skill level 3 in Axes
   896 | D:2      | Found a blossoming altar of Fedhas.
   915 | D:2      | Noticed an oklob plant
  1055 | D:2      | Noticed Terence
  1084 | D:2      | Reached XP level 3. HP: 28/33 MP: 3/3
  1101 | D:2      | Killed Terence
  1241 | D:2      | Reached XP level 4. HP: 41/41 MP: 4/4
  1739 | D:3      | Reached skill level 4 in Axes
  2167 | D:3      | Found a faded altar of an unknown god.
  2630 | D:4      | Reached XP level 5. HP: 47/47 MP: 5/5
  2673 | D:4      | Noticed Sigmund
  2700 | D:5      | Entered Level 5 of the Dungeon
  2700 | D:5      | Noticed an ogre
  2704 | D:5      | Noticed Blork the orc
  2706 | D:5      | Killed an ogre
  2706 | D:5      | Reached skill level 5 in Axes
  2722 | D:5      | Killed Blork the orc
  2722 | D:5      | Reached skill level 5 in Fighting
  2722 | D:5      | Reached XP level 6. HP: 55/56 MP: 6/6
  4742 | D:5      | Noticed Grinder
  4756 | D:5      | Paralysed by Grinder for 3 turns
  4767 | D:5      | Killed Grinder
  4767 | D:5      | Reached skill level 6 in Axes
  4767 | D:5      | Reached XP level 7. HP: 18/61 MP: 7/7
  5091 | D:5      | Reached skill level 5 in Shields
  5095 | D:5      | Reached skill level 5 in Armour
  6912 | D:5      | Found Kamef's Assorted Antiques.
  6912 | D:5      | Noticed Prince Ribbit
  6962 | D:5      | Killed Prince Ribbit
  6962 | D:5      | Reached skill level 7 in Axes
  7553 | D:4      | Reached XP level 8. HP: 70/70 MP: 8/8
  7620 | D:4      | Killed Sigmund
  7620 | D:4      | Reached skill level 8 in Axes
  8253 | D:6      | Found a shattered altar of Ashenzari.
  8403 | D:6      | Reached skill level 9 in Axes
  8712 | D:6      | Found Fumav's Assorted Antiques.
  8786 | D:6      | Found a sand-covered staircase.
  8794 | Ossuary  | Entered an ossuary
  8869 | Ossuary  | Reached XP level 9. HP: 57/79 MP: 9/9
  9298 | D:6      | Found a staircase to the Ecumenical Temple.
  9305 | Temple   | Entered the Ecumenical Temple
  9804 | D:6      | Mangled by a wight

Skill      XL: |  1  2  3  4  5  6  7  8 |
---------------+-------------------------+-----
Fighting       | 4 5 6 7 |  7.4
Axes           | 3 4 5 6 7 9 |  9.9
Shields        | 4 5 6 |  6.5
Armour         | 4 5 6 |  6.5

Action                   |  1- 3 |  4- 6 |  7- 9 || total
-------------------------+-------+-------+-------++-------
Melee: War axe           |    98 |   133 |   286 ||   517
  Use: Scroll            |       |     4 |     4 ||     8
       Potion            |       |     5 |     5 ||    10
  Eat: Chunk             |     4 |    12 |    12 ||    28
       Ration            |       |       |     1 ||     1
Armor: Scale mail        |    47 |    41 |    70 ||   158
Dodge: Dodged            |    32 |    27 |    62 ||   121
Block: Shield            |    51 |    65 |   116 ||   232
